 Dungeon Crawl Stone Soup version 0.30.0-29-ga12c61a403 (webtiles) character file.

Game seed: 385234313360557873

165 Graphine the Sneak (level 5, -3/33 HPs)
             Began as a Kobold Brigand on June 3, 2023.
             Was a Believer of Fedhas.
             Slain by a river rat (7 damage)
             ... in a sewer.
             The game lasted 00:06:25 (2451 turns).

Graphine the Sneak (Kobold Brigand)                 Turns: 2451, Time: 00:06:25

Health: -3/33      AC:  3    Str:  8    XL:     5   Next: 75%
Magic:  5/5        EV: 14    Int: 13    God:    Fedhas [**....]
Gold:   103        SH:  0    Dex: 24    Spells: 4/4 levels left

rFire   . . .        a - +2 dagger
rCold   . . .        (no shield)
rNeg    . . .        b - +0 robe
rPois   .            (no helmet)
rElec   .            c - +0 cloak
rCorr   .            (no gloves)
SInv    .            (no boots)
Will    .....        x - amulet of faith
Stlth   +++++        o - +6 ring of dexterity
HPRegen 0.25/turn    (no ring)
MPRegen 0.09/turn

%: faith
@: lethally poisoned (-3 -> -7), about to teleport
A: small, no large weapons, nightstalker 3
a: Renounce Religion, Wall of Briars


You were in a sewer.
You worshipped Fedhas.
Fedhas was pleased with you.
You visited 1 branch of the dungeon, and saw 3 of its levels.
You also visited: Sewer.

You collected 103 gold pieces.

Inventory:

Hand Weapons
 a - a +2 dagger (weapon)
Missiles
 d - 11 poisoned darts (quivered)
 e - 2 curare-tipped darts
Armour
 b - a +0 robe (worn)
 c - a +0 cloak (worn)
Magical Staves
 m - a staff of earth
Jewellery
 o - a +6 ring of dexterity (left hand)
 x - an amulet of faith (around neck)
Scrolls
 g - a scroll of teleportation
 j - 2 scrolls of identify {unknown}
 l - a scroll of vulnerability {unknown}
 p - a scroll of blinking {unknown}
 q - a scroll of magic mapping {unknown}
 u - a scroll of enchant armour {unknown}
Potions
 f - a potion of heal wounds {unknown}
 h - a potion of might {unknown}
 i - 2 potions of invisibility {unknown}
 k - a potion of lignification {unknown}
 n - a potion of flight {unknown}
 r - a potion of brilliance {unknown}
 s - 2 potions of degeneration {unknown}
 t - a potion of mutation {unknown}
 v - a potion of curing {unknown}
 w - a potion of berserk rage {unknown}


   Skills:
 + Level 4.3 Fighting
 - Level 2.6 Short Blades
 + Level 2.8 Throwing
 - Level 1.2 Dodging
 + Level 7.3 Stealth


You had 4 spell levels left.
You didn't know any spells.
Your spell library contained the following spells:

 Spells                   Type           Power      Damage    Failure   Level
 Ignite Poison            Fire/Tmut/Pois 0%         N/A       67%         3
 Manifold Assault         Tloc           0%         N/A       97%         4
 Sticky Flame             Conj/Fire      0%         2d3       97%         4
 Dispersal                Tloc           0%         N/A       100%        6
 Disjunction              Tloc           0%         N/A       100%        8
 Ignition                 Fire           0%         3d3       100%        8


Dungeon Overview and Level Annotations

Branches:
Dungeon (3/15)              Sewer (1/1)

Altars:
Fedhas


Innate Abilities, Weirdness & Mutations

You are small and have problems with some larger weapons.
You are completely attuned to the shadows.


Message History

Fedhas appreciates your contribution to the ecosystem.
The adder bites you but does no damage. The adder barely misses you.
Hit: a) +2 dagger
Press: ? - help, Dir - move target, f - adder
Aim: an adder (about 40% to evade your +2 dagger)
You hit the adder.
The adder is lightly wounded.
The river rat bites you. The adder bites you but does no damage.
Hit: a) +2 dagger
Press: ? - help, Dir - move target, f/p - adder
Aim: an adder (lightly wounded, about 40% to evade your +2 dagger)
You closely miss the adder.
The adder is lightly wounded.
The adder bites you. The river rat bites you.
Hit: a) +2 dagger
Press: ? - help, Dir - move target, f/p - adder
Aim: an adder (lightly wounded, about 40% to evade your +2 dagger)
You hit the adder but do no damage.
The adder is lightly wounded.
The adder barely misses you.
The rat twitches its whiskers.
The river rat bites you!
Okay, then.
Okay, then.
Okay, then.
As you read the scroll labelled REICKI DIOJUOM, it crumbles to dust.
You feel strangely unstable.
It was a scroll of teleportation.
The adder bites you.
You are poisoned.
The adder poisons you! The rat misses you. The river rat bites you.
You feel sick. The adder closely misses you. The rat closely misses you.
The adder bites you.
* * * LOW HITPOINT WARNING * * *
The river rat misses you.
* * * LOW HITPOINT WARNING * * *
You feel sick. The adder closely misses you. The rat bites you.
* * * LOW HITPOINT WARNING * * *
The river rat bites you!
You die...
Fedhas appreciates your contribution to the ecosystem.

#≈...~≈#
#~~~≈≈≈#
#≈~.)~.#
#.≈≈≈≈≈#
#≈..~.≈#
#~≈~≈≈≈#
#~~~≈≈≈#
#≈~≈≈≈≈#
#~~≈≈≈≈#
#~~#~≈≈#
#≈~~~~≈#
#≈≈~~≈≈#
#≈~≈~~≈#
#≈~~~~≈#
#≈~≈~≈≈#
#≈≈~~~≈#
#.~~r@.#
#..~...#
#...rS.#
#...†..##
......##
##..†...#
......#
#.......
....##
##......
####...
#### #


You could see an adder, a river rat and a rat.

Vanquished Creatures
  Natasha (D:3)
  5 adders
  4 river rats
  A worm (D:2)
  A dart slug (D:1)
  2 endoplasms
  4 giant cockroaches
  2 hobgoblins
  3 quokkas
  7 ball pythons
  2 bats (D:2)
  2 frilled lizards (D:1)
  4 goblins
  5 kobolds
  21 rats
64 creatures vanquished.

Notes
Turn   | Place    | Note
-------+----------+-------------------------------------------
     0 | D:1      | Graphine the Kobold Brigand began the quest for the Orb.
     0 | D:1      | Reached XP level 1. HP: 12/12 MP: 1/1
   245 | D:1      | Reached XP level 2. HP: 10/18 MP: 2/2
   557 | D:1      | Reached XP level 3. HP: 23/23 MP: 3/3
   558 | D:1      | Found a faded altar of an unknown god.
   566 | D:1      | Prayed at the altar of an unknown god.
   566 | D:1      | Became a worshipper of Fedhas Madash
   566 | D:1      | Reached * piety under Fedhas
   602 | D:2      | Reached skill level 6 in Stealth
  1245 | D:2      | Reached XP level 4. HP: 28/28 MP: 4/4
  1442 | D:2      | Identified the +1 plate armour of Proximity {Str+3}
  2051 | D:3      | Noticed Natasha
  2054 | D:3      | Killed Natasha
  2055 | D:3      | Reached skill level 7 in Stealth
  2055 | D:3      | Reached XP level 5. HP: 33/33 MP: 5/5
  2084 | D:3      | Reached ** piety under Fedhas
  2199 | D:3      | Found a glowing drain.
  2204 | Sewer    | Entered a sewer
  2451 | Sewer    | Slain by a river rat

Illustrated notes

Levels and vault maps discovered:
D:1:      dpeg_arrival_connections, layout_rooms,
          hellmonk_ecumenical_altar_leap_of_faith
D:2:      layout_basic
D:3:      layout_loops_ring, gup_sewer_entry_spiral, hex_tiny, minmay_quantized,
          uniq_natasha
Sewer:    sewer_minmay_w

Skill      XL: |  1  2  3  4 |
---------------+-------------+-----
Fighting       | 3 4 |  4.3
Stealth        | 6 7 |  7.3
Short Blades   | |  2.6
Throwing       | |  2.8
Dodging        | |  1.2

Action                     |  1- 3 |  4- 6 || total
---------------------------+-------+-------++-------
  Melee: Dagger            |    56 |   102 ||   158
         Punch             |     1 |     1 ||     2
  Throw: Dart              |    11 |       ||    11
    Use: Scroll            |       |     1 ||     1
   Stab: Sleeping          |    15 |    15 ||    30
         Distracted        |     1 |       ||     1
 Armour: Robe              |    10 |    24 ||    34
  Dodge: Dodged            |    25 |    70 ||    95
